 Dungeon Crawl Stone Soup version 0.17.0-26-gececa24 (webtiles) character file.

2223114 Vidiiot the Shatterer (level 27, 220/279 HPs)
             Began as an Ogre Arcane Marksman on Nov 19, 2015.
             Was a High Priest of Ashenzari.
             Escaped with the Orb
             ... and 4 runes on Nov 20, 2015!
             The game lasted 03:39:20 (76197 turns).

Vidiiot the Shatterer (Ogre Arcane Marksman)       Turns: 76197, Time: 03:39:20

Health: 220/279    AC: 28    Str: 33    XL:     27
Magic:  38/38      EV: 16    Int: 14    God:    Ashenzari [*****.]
Gold:   4270       SH: 25    Dex: 12    Spells: 8 memorised, 26 levels left

rFire  + + .     SeeInvis +     a - +9 morningstar (vamp) (curse)
rCold  + . .     Clarity  +     K - +2 fire dragon armour (curse)
rNeg   + . .     SustAt   .     E - +2 large shield {AC+3} (curse)
rPois  +         Gourm    .     S - +2 hat "Irag" {*Contam rC+ rCorr Stlth+} (curse)
rElec  +         Spirit   .     O - +4 dragonskin cloak (curse)
rCorr  +         Warding  .     (gloves unavailable)
rMut   .         Stasis   .     (boots unavailable)
MR     +++++                    H - amulet of the Four Winds {Clar rN+ MR+++} (curse)
Stlth  +.........               L - ring of a Hundred Seas {*Contam rElec rPois Str+3 SInv} (curse)
                                s - ring "Meixtud" {rC+ Int+2 Slay+5}

@: deflect missiles, almost entirely resistant to hostile enchantments, very
unstealthy
A: unfitting armour, tough skin 1
a: Scrying, Transfer Knowledge, Renounce Religion
0: Orb of Zot
}: 4/15 runes: barnacled, slimy, silver, gossamer


You escaped.
You worshipped Ashenzari.
Ashenzari was extremely pleased with you.
You were not hungry.

You visited 11 branches of the dungeon, and saw 60 of its levels.
You also visited: Labyrinth and Volcano.

You collected 5827 gold pieces.
You spent 1557 gold pieces at shops.

Inventory:

Hand Weapons
 a - a cursed +9 vampiric morningstar (weapon)
 b - a +1 blowgun
Missiles
 M - 104 large rocks (quivered)
 W - 3 throwing nets
Armour
 t - a +2 cloak
 E - a cursed +2 large shield of protection (worn)
 K - a cursed +2 fire dragon armour (worn)
 O - the cursed +4 dragonskin cloak (worn)
   (You took it off Tiamat on level 5 of the Depths)

   It has a curse placed upon it.
 R - a +1 large shield of positive energy
 S - the cursed +2 hat "Irag" (worn) {*Contam rC+ rCorr Stlth+}
   (You found it on level 4 of the Vaults)

   It protects you from cold.
   It causes magical contamination when unequipped.
   It protects you from acid and corrosion.
   It makes you more stealthy.
   It has a curse placed upon it.
Jewellery
 s - the ring "Meixtud" (left hand) {rC+ Int+2 Slay+5}
   (You found it on level 3 of the Elven Halls)

   [ring of protection from cold]

   It affects your intelligence (+2).
   It affects your accuracy and damage with ranged weapons and melee attacks
   (+5).
   It protects you from cold.
 v - an uncursed ring of teleportation
 B - an uncursed ring of sustain attributes
 H - the cursed amulet of the Four Winds (around neck) {Clar rN+ MR+++}
   (You found it on level 3 of the Elven Halls)

   [amulet of clarity]

   It provides mental clarity.
   It protects you from negative energy.
   It affects your resistance to hostile enchantments.
   It has a curse placed upon it.
 L - the cursed ring of a Hundred Seas (right hand) {*Contam rElec rPois Str+3 SInv}
   (You took it off a deep elf master archer on level 3 of the Elven Halls)

   [ring of see invisible]

   It affects your strength (+3).
   It insulates you from electricity.
   It protects you from poison.
   It lets you see invisible.
   It causes magical contamination when unequipped.
   It has a curse placed upon it.
 Z - the amulet of Xeteh {Gourm rPois rF+++ MR- MP+9}
   (You found it on level 10 of the Dungeon)

   [amulet of the gourmand]

   It allows you to eat raw meat even when not hungry.
   It renders you almost immune to fire.
   It protects you from poison.
   It affects your resistance to hostile enchantments.
   It affects your magic capacity (+9).
Wands
 c - a wand of cold (2)
 g - a wand of lightning (4)
 q - a wand of draining (0)
 z - a wand of teleportation (4)
 D - a wand of paralysis (0)
 N - a wand of digging (4)
 Q - a wand of disintegration (0)
 Y - a wand of digging (7)
Scrolls
 h - 2 scrolls of silence
 l - 2 scrolls of holy word
 r - 5 scrolls of fog
 u - 2 scrolls of teleportation
 y - 3 scrolls of immolation
 A - 2 scrolls of curse weapon
 C - 4 scrolls of blinking
 F - 9 scrolls of identify
 G - 3 scrolls of curse jewellery
 I - 3 scrolls of fear
 J - a scroll of recharging
 T - a scroll of enchant weapon
 V - 2 scrolls of summoning
Potions
 d - 2 potions of cancellation
 i - 5 potions of heal wounds
 j - 7 potions of resistance
 k - 3 potions of flight
 m - 16 potions of curing
 n - a potion of cure mutation
 o - 5 potions of invisibility
 x - 5 potions of magic
 X - a potion of brilliance
Books
 U - a book of Envenomations

   Spells                             Type                      Level
   a - Spider Form                    Transmutation/Poison         3
   b - Alistair's Intoxication        Transmutation/Poison         4
   c - Olgreb's Toxic Radiance        Poison                       4
   d - Poisonous Cloud                Conjuration/Poison/Air       6
Miscellaneous
 f - a stone of tremors
 w - a fan of gales
Comestibles
 e - 3 bread rations
 p - 15 meat rations


   Skills:
 - Level 17.6 Fighting
 - Level 23.6(26.4) Maces & Flails
 + Level 16.3 Throwing
 - Level 14.0(17.6) Armour
 - Level 14.3(17.8) Dodging
 - Level 15.2(17.4) Shields
 - Level 0.6 Unarmed Combat
 - Level 11.6 Spellcasting
 - Level 4.2(6.7) Conjurations
 - Level 5.0(7.6) Hexes
 - Level 9.5(12.0) Charms
 - Level 4.3(6.8) Translocations
 - Level 9.1(11.6) Transmutations
 - Level 11.2(13.6) Air Magic
 - Level 11.1(13.5) Earth Magic
 - Level 4.2(6.7) Poison Magic
 - Level 9.8(12.3) Evocations


You had 26 spell levels left.
You knew the following spells:

 Your Spells              Type           Power        Failure   Level  Hunger
a - Corona                Hex            ####...      1%          1    None
b - Slow                  Hex            ####....     1%          2    None
c - Apportation           Tloc           ####......   1%          1    None
d - Song of Slaying       Chrm           #####...     1%          2    None
e - Mephitic Cloud        Conj/Pois/Air  ####....     1%          3    None
f - Statue Form           Trmt/Erth      #####....    14%         6    ######.
g - Blink                 Tloc           N/A          1%          2    None
h - Deflect Missiles      Chrm/Air       #####.....   14%         6    ######.


Dungeon Overview and Level Annotations

Branches:
Dungeon (15/15)            Temple (1/1) D:4            Lair (8/8) D:8
 Shoals (4/4) Lair:6       Spider (4/4) Lair:5        Slime (6/6) Lair:7
    Orc (4/4) D:9             Elf (3/3) Orc:3        Vaults (5/5) D:14
 Depths (5/5) D:15            Zot (5/5) Depths:5
  Crypt: Vaults:2-3

Altars:
Ashenzari
Cheibriados
Elyvilon
Fedhas
Gozag
Makhleb
Nemelex Xobeh
Qazlal
Ru
Trog
Vehumet
Xom
Yredelemnul
Zin
The Shining One
Beogh
Jiyva

Shops:
Orc:4 !([:   Shoals:2 !   Shoals:4 =

Portals:
Hell: Depths:1 Depths:2 Depths:3 Depths:4 Depths:5
Abyss: Depths:2 Depths:3 Depths:4
Pandemonium: Depths:1 Depths:3
Ziggurat: Depths:1
Trove: Elf:2 (give wand of heal wounds (8))

Annotations:
D:1 exclusion: downstairs
D:6 Prince Ribbit
D:7 exclusion: upstairs
D:13 exclusion: obsidian statue
Lair:3 exclusion: downstairs
Lair:4 exclusion: downstairs
Vaults:2 exclusion: door
Depths:1 exclusion: orange crystal statue
Depths:2 exclusion: door
Depths:3 exclusions: 2 doors and downstairs
Depths:4 exclusions: 2 downstairs and 1 more exclusion
Depths:5 1 exclusion


Innate Abilities, Weirdness & Mutations

You are too large for most types of armour.
You have tough skin (AC +1).


Message History

The goblin shouts!
You block the goblin's attack.
Unknown command.
You sock the goblin!
You feel better.
You kill the goblin!
No target in view!
No target in view!
You see here a goblin corpse.
You see here a +0 club.
There is a stone staircase leading up here.
You climb upwards.
Level annotation: exclusion: downstairs
There is a stone staircase leading down here.
Evoke which item? (* to show all) (? for menu, Esc to quit)
Zapping:
Y - a wand of digging (8)
Press: ? - help, Shift-Dir - straight line The rock shatters into small pieces.
This wand has 7 charges left.
Unknown command.
There is a staircase leading out of the dungeon here.
You have escaped!

...#####...# #.# ###..####
#.........## #.####........
########.####### #...##.#..####
##.............#####.#.##.#......
.....#######.......###....#..####
..###.......###.......###...>....
##.............###....# #.#.#.###
.....#######......#...###.#.#.#
...### ###..@..#...##.#.#.###
..## ##....#...##.#.#.>.. ..##
##....#...##.#.#.### ...###
###.....#...##.#.#.#
.....#######......#...###(#.#.#
##.............###....# #.#.#####
..###.......###......## #.#......
.....#######.......### #.#####..
##.............##### #.# #.#


There were no monsters in sight!

Vanquished Creatures
  the royal jelly (Slime:6)
  Tiamat (Depths:5)
  4 orbs of fire (Zot:5)
  3 ancient liches (Zot:5)
  Sojobo (Vaults:3)
  The ghost of septik the Impregnable, a legendary GrFi of Okawaru (Slime:1)
  A shard shrike (Zot:4)
  2 curse toes
  4 Killer Klowns
  6 golden dragons
  Nikola (Vaults:3)
  the Enchantress (Depths:5)
  2 bone dragons (Depths:5)
  2 liches
  An electric golem (Zot:5)
  Jorgrun (Elf:2)
  A hellephant (Zot:4)
  9 tentacled monstrosities
  23 Orb Guardians
  2 quicksilver dragons
  2 deep elf blademasters (Elf:3)
  12 acid blobs
  2 titans
  2 deep elf master archers (Elf:3)
  An Executioner (D:4)
  A Shadow Fiend (Zot:4)
  6 sphinxes
  8 death cobs
  Polyphemus (Shoals:4)
  3 octopode crushers
  4 shadow dragons
  Kirke (Elf:1)
  8 tengu reavers
  6 storm dragons
  8 draconian monks
  13 azure jellies
  A balrug (Depths:3)
  9 draconian knights
  11 deep elf sorcerers
  6 ghost moths
  Maud (Lair:5)
  A draconian shifter (Zot:4)
  10 frost giants
  A caustic shrike zombie (D:15)
  7 fire giants
  4 large abominations
  3 orc warlords
  Aizul (Depths:2)
  Louise (D:14)
  19 vault wardens
  An iron dragon (Vaults:5)
  4 emperor scorpions (Spider:4)
  3 draconian scorchers
  2 draconian zealots (Zot:5)
  23 very ugly things
  2 draconian annihilators
  20 stone giants
  6 vampire knights
  18 ironheart preservers
  2 war gargoyles
  7 spriggan defenders
  Nessos (Lair:7)
  8 deep elf demonologists
  7 green draconians
  A salamander firebrand (Depths:5)
  5 yellow draconians
  11 deep elf annihilators
  8 red draconians
  Azrael (Elf:1)
  A salamander stormcaller (Vaults:5)
  The ghost of puimuR the Basher, a journeyman TrMo of the Shining One (Lair:8)
  6 small abominations
  10 purple draconians
  4 white draconians
  6 black draconians
  10 mottled draconians
  8 deep elf death magi
  A blizzard demon (Depths:3)
  A green death (Depths:4)
  2 merfolk javelineers (Shoals:4)
  The ghost of dorian the Arsonist, a journeyman OpFE of Vehumet (Lair:4)
  9 death oozes
  A minotaur (Lab)
  9 merfolk impalers
  8 ettins
  33 vault guards
  Josephine (D:11)
  10 entropy weavers
  14 fire dragons
  4 deep elf high priests
  20 yaktaur captains
  10 ice dragons
  5 rakshasas
  9 hydras
  4 catoblepae
  9 spriggan air magi
  8 great orbs of eyes
  13 centaur warriors
  Erica (D:11)
  Erolcha (Orc:2)
  An alligator snapping turtle (Shoals:2)
  4 merfolk avatars
  15 ogre magi
  17 death yaks
  A dancing weapon (Elf:2)
  A vampire mage (Depths:2)
  11 deep troll earth magi
  8 tengu warriors
  10 deep troll shamans
  15 deep elf knights
  6 spriggan berserkers
  3 sun demons
  Nergalle (Lair:4)
  8 hell knights
  An orc high priest (Orc:4)
  2 shadow wraiths
  A fire crab (Vaults:1)
  6 giant orange brains
  3 iron trolls
  8 skeletal warriors
  3 sea snakes
  2 ice devils
  7 wizards
  2 swamp dragons (shapeshifter)
  A death drake (shapeshifter) (Depths:2)
  A hill giant (shapeshifter) (Elf:3)
  44 deep trolls
  4 flayed ghosts
  19 deep elf summoners
  An unseen horror (shapeshifter) (Vaults:2)
  A tengu zombie (Vaults:3)
  A lindwurm (shapeshifter) (Vaults:1)
  7 harpies (Vaults:1)
  3 unseen horrors
  A torturous demonspawn (Depths:3)
  Pikel (D:5)
  2 oklob plants
  24 wolf spiders
  3 necromancers
  7 hill giants
  5 shining eyes
  5 phantasmal warriors
  8 griffons
  20 ironbrand convokers
  16 deep elf conjurers
  11 orb spiders
  3 wolf spider zombies
  8 hornets
  3 orc sorcerers
  6 manticores
  17 elephants
  2 hornets (shapeshifter)
  2 fauns (shapeshifter)
  A frost giant zombie (Vaults:1)
  13 orc knights
  10 fauns
  3 salamanders (Depths:5)
  An elephant (shapeshifter) (Vaults:3)
  7 cyclopes
  A salamander (shapeshifter) (Vaults:1)
  61 ugly things
  5 sirens
  2 manticores (shapeshifter)
  2 sixfirhies
  2 rust devils (Depths:4)
  4 water nymphs
  17 vault sentinels
  18 moths of wrath
  5 spectral swamp worms (Depths:1)
  13 spiny frogs
  2 torpor snails
  A yaktaur zombie (Vaults:3)
  3 black mambas
  An orange demon (Depths:4)
  3 gargoyles
  2 kobold demonologists (D:15)
  3 redback zombies
  7 demonic crawlers
  3 efreet
  A fire drake (Volcano)
  2 tengu conjurers
  12 trolls
  A troll (shapeshifter) (D:15)
  24 deep elf priests
  20 two-headed ogres
  A hellwing (Depths:4)
  24 merfolk
  94 yaktaurs
  A yaktaur skeleton (Vaults:1)
  A guardian mummy (D:15)
  6 blink frogs
  5 komodo dragons
  4 freezing wraiths
  A blue devil (Depths:4)
  22 jumping spiders
  40 slime creatures
  6 snapping turtles
  A two-headed ogre (shapeshifter) (Vaults:4)
  A hornet zombie (D:15)
  5 boulder beetles
  2 fire dragon zombies (D:15)
  A centaur simulacrum (D:14)
  The ghost of George the Cudgeler, an amateur GrFi (D:4)
  A redback (shapeshifter) (Vaults:1)
  53 redbacks
  18 flying skulls (Depths:3)
  An ettin skeleton (D:15)
  Sigmund (D:2)
  17 water elementals
  A shadow (D:13)
  13 air elementals
  48 yaks
  A spriggan (shapeshifter) (Vaults:1)
  12 trapdoor spiders
  33 deep elf magi
  2 ynoxinuls
  3 wyverns
  A fire bat (Volcano)
  7 wraiths
  A tarantella (shapeshifter) (Vaults:2)
  A hog (Volcano)
  4 spriggans
  8 vampire mosquitoes
  22 humans (D:14)
  15 tarantellas
  49 deep elf fighters
  3 basilisks
  12 hippogriffs
  A hippogriff (shapeshifter) (Depths:4)
  A human simulacrum (Vaults:3)
  3 fire elementals (Elf:1)
  2 golden eyes (Slime:2)
  A hog (shapeshifter) (Vaults:2)
  2 mottled dragons
  26 wolves
  A harpy simulacrum (D:14)
  6 wargs
  6 soldier ants
  A neqoxec (Depths:4)
  A steam dragon (Lair:8)
  Edmund (D:6)
  3 hungry ghosts
  11 water moccasins
  A soldier ant (shapeshifter) (Vaults:4)
  2 hydra simulacra (Zot:4)
  A naga (shapeshifter) (Depths:2)
  5 wasps
  A hell hound (Elf:1)
  5 sky beasts
  52 orc warriors
  7 ice beasts
  8 porcupines
  52 ogres
  A black bear (D:11)
  An ettin simulacrum (Vaults:2)
  2 phantoms
  19 spiders
  7 eyes of draining
  9 boggarts
  13 crocodiles
  The ghost of Oni the Shield-Bearer, an amateur FoFi (D:3)
  31 centaurs
  A gnoll sergeant (D:8)
  A brain worm (D:14)
  11 big kobolds
  20 giant frogs
  3 scorpions
  10 killer bees
  A water moccasin skeleton (D:9)
  A scorpion (shapeshifter) (Vaults:5)
  10 crimson imps
  16 wights
  3 electric eels
  26 orc priests
  2 centaur zombies
  2 yaktaur simulacra
  3 centaur skeletons
  A giant frog zombie (D:12)
  3 hounds
  15 jellies
  33 orc wizards
  11 worker ants
  8 iguanas
  3 giant frog skeletons
  2 quasits
  4 iron imps
  Natasha (thrice) (D:2)
  10 sheep
  2 killer bee zombies
  14 gnolls
  62 river rats
  14 white imps
  11 adders
  4 shadow imps
  An ufetubus (Depths:3)
  An adder skeleton (D:9)
  4 worms
  A giant gecko (shapeshifter) (Depths:1)
  7 giant geckos
  187 orcs
  6 bats
  9 giant cockroaches
  A giant cockroach (shapeshifter) (Elf:3)
  11 goblins
  7 hobgoblins
  17 jackals
  2 quokkas (D:7)
  A ball python (D:5)
  5 giant newts
  2 jackal skeletons
  25 kobolds
  A quokka skeleton (D:6)
  7 rats
  A butterfly (Lair:4)
  6 crawling corpses
2621 creatures vanquished.

Vanquished Creatures (collateral kills)
  An electric golem (Zot:5)
  A draconian monk (Zot:5)
  2 ironheart preservers
  Sonja (D:14)
  2 slime creatures (Slime:1)
7 creatures vanquished.

Vanquished Creatures (others)
  An Orb Guardian (Zot:5)
  A storm dragon (Zot:5)
  A draconian scorcher (Zot:4)
  A deep elf conjurer (Elf:1)
  2 humans (Elf:1)
  2 flying skulls (Depths:3)
  A deep elf mage (Elf:2)
  A deep elf fighter (Volcano)
  A slave (D:5)
  A boggart (Depths:1)
  An orc warrior (Vaults:5)
  An orc wizard (Orc:4)
  An orc (D:5)
  A giant cockroach (D:5)
  A giant gecko skeleton (D:5)
  A bush (Lair:8)
  18 fungi
  38 plants
74 creatures vanquished.

Grand Total: 2702 creatures vanquished

Notes
Turn   | Place    | Note
--------------------------------------------------------------
     0 | D:1      | Vidiiot the Ogre Arcane Marksman began the quest for the Orb.
     0 | D:1      | Reached XP level 1. HP: 19/19 MP: 2/2
   521 | D:1      | Reached skill level 1 in Maces & Flails
   733 | D:1      | Reached XP level 2. HP: 25/27 MP: 3/3
  1333 | D:2      | Learned a level 2 spell: Slow
  1465 | D:2      | Reached skill level 3 in Maces & Flails
  1465 | D:2      | Reached XP level 3. HP: 33/33 MP: 0/4
  1583 | D:2      | Noticed Sigmund
  1910 | D:2      | Killed Sigmund
  1910 | D:2      | Reached skill level 6 in Maces & Flails
  1910 | D:2      | Reached XP level 4. HP: 38/41 MP: 0/5
  1910 | D:2      | Reached XP level 5. HP: 44/48 MP: 0/6
  1954 | D:2      | Noticed Natasha
  1958 | D:2      | Killed Natasha
  1958 | D:2      | Reached skill level 7 in Maces & Flails
  2068 | D:2      | Reached XP level 6. HP: 28/55 MP: 3/7
  2116 | D:2      | Noticed Natasha
  2378 | D:2      | Killed Natasha
  2524 | D:2      | Noticed Natasha
  2540 | D:2      | Killed Natasha
  2626 | D:2      | Found a sacrificial altar of Ru.
  3253 | D:3      | Found a bloodstained altar of Trog.
  3600 | D:3      | Reached skill level 8 in Maces & Flails
  3988 | D:3      | Noticed Oni's ghost (amateur FoFi)
  4499 | D:3      | Killed Oni's ghost
  4911 | D:4      | Noticed George's ghost (amateur GrFi)
  4924 | D:5      | Entered Level 5 of the Dungeon
  4999 | D:5      | Found a burning altar of Makhleb.
  5018 | D:5      | Noticed Pikel
  5070 | D:5      | Killed Pikel
  5070 | D:5      | Reached skill level 9 in Maces & Flails
  5070 | D:5      | Reached XP level 7. HP: 49/70 MP: 8/8
  5070 | D:5      | Reached XP level 8. HP: 54/78 MP: 9/9
  5291 | D:5      | Reached skill level 10 in Maces & Flails
  6381 | D:6      | Found a basalt altar of Yredelemnul.
  7153 | D:4      | Reached skill level 5 in Fighting
  7528 | D:4      | Found a staircase to the Ecumenical Temple.
  7534 | Temple   | Entered the Ecumenical Temple
  7546 | Temple   | Became a worshipper of the Shining One
  7849 | D:6      | Reached skill level 11 in Maces & Flails
  8041 | D:6      | Noticed Edmund
  8071 | D:6      | Killed Edmund
  8088 | D:6      | Reached XP level 9. HP: 47/89 MP: 10/10
  8898 | D:7      | Reached skill level 12 in Maces & Flails
  8928 | D:7      | Noticed Prince Ribbit
  9269 | D:7      | Found a glowing silver altar of Zin.
  9499 | D:7      | Noticed an angel
  9501 | D:7      | Found a shimmering altar of Xom.
  9648 | D:8      | Reached * piety under the Shining One
  9684 | D:8      | Noticed an elephant
  9755 | D:8      | Killed an elephant
  9755 | D:8      | Reached skill level 13 in Maces & Flails
  9755 | D:8      | Reached skill level 5 in Shields
 10119 | D:8      | Found a staircase to the Lair.
 10133 | D:8      | Reached XP level 10. HP: 104/104 MP: 11/11
 10454 | D:8      | Found a white marble altar of Elyvilon.
 10662 | D:8      | Reached skill level 14 in Maces & Flails
 10939 | D:9      | Found a staircase to the Orcish Mines.
 10993 | D:9      | Found a blossoming altar of Fedhas.
 12257 | D:10     | Entered Level 10 of the Dungeon
 12303 | D:10     | Reached skill level 15 in Maces & Flails
 12954 | D:10     | Reached XP level 11. HP: 106/117 MP: 12/12
 12958 | D:10     | Reached ** piety under the Shining One
 13023 | D:10     | Noticed an unseen horror
 13040 | D:10     | Killed an unseen horror
 13040 | D:10     | Reached skill level 10 in Fighting
 13670 | D:10     | Got a coiled diamond amulet
 13925 | D:11     | Noticed Erica
 13937 | D:11     | Killed Erica
 13937 | D:11     | Reached skill level 16 in Maces & Flails
 14213 | D:11     | Noticed a hill giant
 14317 | D:11     | Reached *** piety under the Shining One
 14990 | D:12     | Found an opulent altar of Gozag.
 15344 | D:12     | Got a fine war axe
 15345 | D:12     | Identified the amulet of Xeteh {Gourm rPois rF+++ MR- MP+9} (You found it on level 10 of the Dungeon)
 15531 | Lair:1   | Entered Level 1 of the Lair of Beasts
 16318 | Lair:2   | Found a dark tunnel.
 16327 | Volcano  | Entered a volcano
 16343 | Volcano  | Reached XP level 12. HP: 130/130 MP: 13/13
 16354 | Volcano  | Reached skill level 17 in Maces & Flails
 18071 | Lair:3   | Reached skill level 18 in Maces & Flails
 18245 | Lair:3   | Reached **** piety under the Shining One
 19030 | Lair:4   | Reached XP level 13. HP: 64/140 MP: 14/14
 19207 | Lair:4   | Noticed dorian's ghost (journeyman OpFE)
 19221 | Lair:4   | Killed dorian's ghost
 19281 | Lair:4   | Noticed Nergalle
 19587 | Lair:5   | Found a hole to the Spider Nest.
 19617 | Lair:5   | Reached skill level 5 in Dodging
 19773 | Lair:5   | Noticed Maud
 19792 | Lair:4   | Noticed a six-headed hydra
 20178 | Lair:4   | Killed a six-headed hydra
 20178 | Lair:4   | Reached skill level 19 in Maces & Flails
 21019 | Lair:6   | Found a staircase to the Shoals.
 21161 | Lair:7   | Reached skill level 10 in Shields
 21192 | Lair:7   | Found a labyrinth entrance.
 21215 | Lab      | Entered a labyrinth
 21552 | Lab      | Noticed a minotaur
 21570 | Lab      | Killed a minotaur
 21573 | Lab      | Got a steaming executioner's axe {antimagic}
 22090 | Lair:7   | Noticed Nessos
 22130 | Lair:8   | Entered Level 8 of the Lair of Beasts
 22331 | Lair:8   | Noticed puimuR's ghost (journeyman TrMo)
 22464 | Lair:8   | Killed puimuR's ghost
 23165 | Lair:8   | Reached XP level 14. HP: 149/149 MP: 15/15
 24245 | Lair:8   | SHIT INCOMING
 24253 | Lair:8   | Identified the Guide on Congealing Talismans
 24257 | Lair:8   | SHIT OBTAINED
 25373 | D:11     | Killed a hill giant
 25670 | D:11     | Noticed Josephine
 25913 | D:11     | Reached XP level 15. HP: 156/156 MP: 16/16
 26949 | D:14     | Reached ***** piety under the Shining One
 27364 | D:14     | Noticed Sonja
 27368 | D:14     | Killed Sonja
 27467 | D:14     | Reached skill level 15 in Shields
 27505 | D:14     | Reached XP level 16. HP: 165/165 MP: 17/17
 27579 | D:14     | Noticed Louise
 27643 | D:14     | Killed Louise
 27645 | D:14     | SUCK MY MOTHERFUCKING DICK
 27645 | D:14     | SUCK MY DICK
 27660 | D:14     | Got a warped large shield
 27994 | D:14     | Found a gate to the Vaults.
 28307 | D:15     | Entered Level 15 of the Dungeon
 28393 | D:15     | Found a staircase to the Depths.
 28544 | D:15     | Identified the +11 large shield of Vunet {rF- Dex+6} (You took it off Louise on level 14 of the Dungeon)
 28644 | D:15     | Reached skill level 5 in Armour
 29082 | D:15     | Learned a level 1 spell: Apportation
 29267 | D:15     | Reached ****** piety under the Shining One
 29615 | D:15     | Reached skill level 10 in Dodging
 29888 | D:11     | Killed Josephine
 29962 | Orc:1    | Entered Level 1 of the Orcish Mines
 30102 | Orc:2    | Noticed Erolcha
 30110 | Orc:2    | Killed Erolcha
 30203 | Orc:3    | Found a staircase to the Elven Halls.
 30562 | Orc:4    | Entered Level 4 of the Orcish Mines
 30909 | Orc:4    | Found a roughly hewn altar of Beogh.
 31000 | Orc:4    | Found a roughly hewn altar of Beogh.
 31009 | Orc:4    | Found Ochec's Distillery.
 31034 | Orc:4    | Bought a potion of might for 52 gold pieces
 31034 | Orc:4    | Bought 2 potions of curing for 78 gold pieces
 31185 | Orc:4    | Found a roughly hewn altar of Beogh.
 31198 | Orc:4    | Found Ceaxkais's Book Shop.
 31361 | Orc:4    | Found a roughly hewn altar of Beogh.
 31602 | Orc:4    | Found a roughly hewn altar of Beogh.
 31602 | Orc:4    | Found Teituwaj's Antique Weapon Boutique.
 31605 | Orc:4    | Found Yxkargh's Antique Armour Shop.
 31716 | Orc:4    | Found a roughly hewn altar of Beogh.
 31973 | D:9      | Noticed a cyclops
 31981 | D:9      | Killed a cyclops
 32537 | Lair:4   | Killed Nergalle
 32674 | Lair:5   | Killed Maud
 33174 | Spider:1 | Entered Level 1 of the Spider Nest
 33197 | Spider:1 | Reached XP level 17. HP: 161/172 MP: 18/18
 34623 | Spider:2 | Got a translucent flail
 34624 | Spider:2 | Identified the cursed +1 flail of Yffuluv {freeze, rN++ SInv} (You found it on level 2 of the Spider Nest)
 34627 | Spider:2 | Gained mutation: Your mind is acute. (Int +2) [potion of beneficial mutation]
 35318 | Spider:4 | Entered Level 4 of the Spider Nest
 36648 | Spider:4 | Reached skill level 10 in Armour
 36899 | Spider:4 | Got a gossamer rune of Zot
 37376 | Elf:1    | Entered Level 1 of the Elven Halls
 37821 | Elf:1    | Reached XP level 18. HP: 182/182 MP: 19/19
 38194 | Elf:1    | Noticed Azrael
 38211 | Elf:1    | Killed Azrael
 38712 | Elf:2    | Found a portal to a secret trove of treasure.
 38766 | Elf:3    | Entered Level 3 of the Elven Halls
 39270 | Elf:3    | Got a vibrating golden ring
 39394 | Elf:3    | Got a brightly glowing brass ring
 39399 | Elf:3    | NIGG
 39400 | Elf:3    | Identified the ring of a Hundred Seas {*Contam rElec rPois Str+3 SInv} (You took it off a deep elf master archer on level 3 of the Elven Halls)
 39402 | Elf:3    | Identified the ring "Epudo" {rF+ Int+4} (You found it on level 3 of the Elven Halls)
 39481 | Elf:3    | Got a fine iron ring
 39483 | Elf:3    | Identified the ring "Meixtud" {rC+ Int+2 Slay+5} (You found it on level 3 of the Elven Halls)
 39484 | Elf:3    | I AM THE NIGGER
 39534 | Elf:3    | Reached skill level 20 in Maces & Flails
 39548 | Elf:3    | Identified the Papyrus of Moulding
 40038 | D:4      | Killed George's ghost
 40120 | Temple   | Fell from the grace of the Shining One
 40120 | Temple   | Became a worshipper of Ashenzari the Shackled
 40141 | Temple   | That'll do pig.
 40625 | Orc:4    | Bought a Young Poisoner's Handbook for 440 gold pieces
 40625 | Orc:4    | Bought a book of the Earth for 715 gold pieces
 40628 | Orc:4    | Learned a level 2 spell: Song of Slaying
 40632 | Orc:4    | Learned a level 3 spell: Mephitic Cloud
 40639 | Orc:4    | Learned a level 6 spell: Statue Form
 40780 | D:12     | Learned a level 2 spell: Blink
 40906 | Vaults:1 | Entered Level 1 of the Vaults
 41007 | Vaults:1 | Reached XP level 19. HP: 182/189 MP: 20/20
 41083 | Vaults:1 | Reached skill level 1 in Translocations
 41167 | Vaults:1 | Reached skill level 1 in Conjurations
 41167 | Vaults:1 | Reached skill level 1 in Charms
 41184 | Vaults:1 | Reached skill level 1 in Earth Magic
 41187 | Vaults:1 | Reached skill level 1 in Air Magic
 41197 | Vaults:1 | Reached skill level 1 in Transmutations
 41356 | Vaults:1 | Reached skill level 1 in Poison Magic
 43951 | D:14     | Reached XP level 20. HP: 198/198 MP: 26/26
 45416 | Vaults:2 | Found a staircase to the Crypt.
 45450 | Vaults:2 | Reached skill level 5 in Spellcasting
 45780 | Vaults:2 | Paralysed by an orc sorcerer for 2 turns
 45982 | Vaults:2 | Reached * piety under Ashenzari
 46995 | Vaults:3 | Reached skill level 5 in Hexes
 47682 | D:10     | Noticed an unseen horror
 47698 | D:10     | Killed an unseen horror
 48248 | Vaults:3 | Identified the amulet "Ulishrei" {Spirit Stlth+}
 48700 | Vaults:3 | Noticed Nikola
 48724 | Vaults:3 | Killed Nikola
 48724 | Vaults:3 | Reached XP level 21. HP: 193/206 MP: 30/30
 49047 | Vaults:3 | Noticed Sojobo
 49340 | Vaults:4 | Reached skill level 5 in Earth Magic
 49428 | Vaults:4 | Reached skill level 5 in Transmutations
 49609 | Vaults:4 | Reached ** piety under Ashenzari
 49700 | Vaults:4 | Got the uncursed hat "Irag" {*Contam rC+ rCorr Stlth+}
 49701 | Vaults:4 | MAH NIGGA
 49789 | Vaults:4 | Found a radiant altar of Vehumet.
 49826 | Vaults:4 | Got the uncursed robe of the Thirteen Tales {rElec Dex+5}
 49843 | Vaults:4 | Identified the +1 robe of the Thirteen Tales {rElec Dex+5} (You found it on level 4 of the Vaults)
 49853 | Vaults:4 | Identified the +2 hat "Irag" {*Contam rC+ rCorr Stlth+} (You found it on level 4 of the Vaults)
 50266 | Vaults:3 | Killed Sojobo
 52320 | Depths:1 | Entered Level 1 of the Depths
 52397 | Depths:1 | Reached XP level 22. HP: 214/214 MP: 31/31
 52618 | Depths:1 | Found a gateway to Hell.
 52667 | Depths:1 | Reached skill level 1 in Evocations
 53271 | Depths:1 | Gained mutation: Your spells are a little easier to cast, but a little less powerful. [potion of mutation]
 53271 | Depths:1 | Gained mutation: You are robust (+10% HP). [potion of mutation]
 53271 | Depths:1 | Gained mutation: You are agile. (Dex +2) [potion of mutation]
 53272 | Depths:1 | Mm.
 53630 | Depths:1 | Found a one-way gate leading to the halls of Pandemonium.
 53789 | Depths:1 | Reached skill level 5 in Evocations
 53944 | Depths:1 | Found a gateway to a ziggurat.
 54560 | Depths:2 | Drop hide pls
 55171 | Depths:2 | Noticed Aizul
 55200 | Depths:2 | Killed Aizul
 56053 | Depths:2 | Identified the cursed +1 blowgun of a treasure trove {speed, rElec rN++ Str+2 Int-4}
 56150 | Depths:2 | Reached *** piety under Ashenzari
 56160 | Depths:2 | Found a one-way gate to the infinite horrors of the Abyss.
 57242 | Depths:3 | YES
 57784 | Depths:3 | Reached XP level 23. HP: 243/243 MP: 32/32
 58743 | Depths:3 | Reached skill level 21 in Maces & Flails
 59947 | Depths:4 | Reached **** piety under Ashenzari
 60138 | Depths:4 | Identified the +7 demon blade of Juibuthy {distort, rN+ Int+2}
 60722 | Depths:4 | Identified the +7 hand crossbow of Wounding {freeze, *Corrode rF+ MP+9} (You found it on level 3 of the Elven Halls)
 60722 | Depths:4 | Identified the +9 war axe "Xeklek" {elec, rN++} (You found it on level 12 of the Dungeon)
 60722 | Depths:4 | Identified the +2 plate armour of the Last Lies {+Fly rPois} (You found it on level 3 of the Lair of Beasts)
 60722 | Depths:4 | Identified the +8 scimitar "Zinixusu" {flame, -Tele rElec rC+ Str+4} (You found it on level 8 of the Lair of Beasts)
 60722 | Depths:4 | Identified the +12 executioner's axe "Jeist" {antimagic, *Noise Int+5} (You took it off a minotaur in a labyrinth)
 60722 | Depths:4 | Identified the +6 falchion "Ofriri" {antimagic, Str+3} (You found it on level 2 of the Spider Nest)
 60722 | Depths:4 | Identified the +1 scale mail of Lugonu's Vengeance {Str+3}
 60899 | Depths:4 | Identified the cursed +1 flail "Ziaps" {venom, rC++ rN+ MP-9}
 61142 | Depths:5 | Entered Level 5 of the Depths
 61172 | Depths:5 | Noticed the Enchantress
 61593 | Depths:5 | Reached skill level 22 in Maces & Flails
 61593 | Depths:5 | Reached XP level 24. HP: 236/266 MP: 32/32
 61686 | Depths:5 | Reached skill level 15 in Fighting
 62007 | Depths:5 | Found a gate to the Realm of Zot.
 62184 | Depths:5 | Killed the Enchantress
 62184 | Depths:5 | Identified the +4 faerie dragon armour {rElec Int+4} (You took it off the Enchantress on level 5 of the Depths)
 63274 | Elf:1    | Noticed Kirke
 63287 | Elf:1    | Killed Kirke
 63345 | Elf:1    | Identified the Grimoire of Supportive Confrontation (You found it on level 1 of the Elven Halls)
 63531 | Elf:2    | Noticed Jorgrun
 63539 | Elf:2    | Killed Jorgrun
 64269 | Vaults:5 | Entered Level 5 of the Vaults
 64336 | Vaults:4 | Reached skill level 23 in Maces & Flails
 64501 | Vaults:5 | Reached skill level 5 in Throwing
 64833 | Vaults:5 | Learned a level 6 spell: Deflect Missiles
 64977 | Vaults:5 | Reached XP level 25. HP: 260/282 MP: 33/33
 65184 | Vaults:5 | Reached skill level 5 in Charms
 65184 | Vaults:5 | Reached skill level 5 in Air Magic
 65539 | Vaults:5 | Reached ***** piety under Ashenzari
 65861 | Vaults:5 | Got a silver rune of Zot
 66002 | Vaults:5 | Identified the +3 cloak "Kegeine" {rPois Int+3 Slay-4}
 66133 | Vaults:5 | Noticed an ancient lich
 66279 | Vaults:5 | Identified the +1 trident "Hinaseuz" {distort, rElec rPois rC+++ MR-} (You took it off a deep elf sorcerer on level 5 of the Vaults)
 67375 | Shoals:1 | Entered Level 1 of the Shoals
 67556 | Shoals:4 | Entered Level 4 of the Shoals
 67556 | Shoals:4 | Identified the +10 dagger of Vumikuj {pierce, rC+}
 67556 | Shoals:4 | Noticed Polyphemus
 67758 | Shoals:4 | Killed Polyphemus
 67935 | Shoals:4 | Reached XP level 26. HP: 292/292 MP: 33/33
 67980 | Shoals:4 | Found Onyu's Jewellery Shop.
 68114 | Shoals:4 | Got a barnacled rune of Zot
 68143 | Shoals:2 | Found Qyptio's Distillery.
 68148 | Shoals:2 | Bought a potion of resistance for 170 gold pieces
 68148 | Shoals:2 | Bought a potion of curing for 51 gold pieces
 68148 | Shoals:2 | Bought a potion of curing for 51 gold pieces
 68477 | Lair:7   | Killed Nessos
 68484 | Lair:7   | Found a staircase to the Slime Pits.
 68551 | Slime:1  | Entered Level 1 of the Pits of Slime
 68553 | Slime:1  | Gained mutation: Potions and wands are less effective at restoring your health. [a shining eye]
 68601 | Slime:1  | Lost mutation: You are agile. (Dex +2) [a shining eye]
 68740 | Slime:1  | Noticed septik's ghost (legendary GrFi)
 68804 | Slime:1  | Killed septik's ghost
 69091 | Slime:6  | Entered Level 6 of the Pits of Slime
 69157 | Slime:6  | Found a viscous altar of Jiyva.
 69157 | Slime:6  | Noticed the royal jelly
 69192 | Slime:6  | Killed the royal jelly
 69193 | Slime:6  | Identified the +6 chain mail "Niofaer" {MP+9 Int+2 Dex+4 Stlth+}
 69252 | Slime:6  | Gained mutation: Your body sometimes deteriorates upon taking damage. [a shining eye]
 69254 | Slime:6  | Lost mutation: Your mind is acute. (Int +2) [a shining eye]
 69265 | Slime:6  | Identified the +0 scale mail of the Jabberwock {rPois MR- Int+3 Dex+11}
 69265 | Slime:6  | Identified the +7 spear "Woatal" {pierce, -Tele rElec SInv}
 69382 | Slime:6  | Got a slimy rune of Zot
 69608 | Lair:3   | Lost mutation: Your spells are a little easier to cast, but a little less powerful. [potion of cure mutation]
 69608 | Lair:3   | Lost mutation: Your body sometimes deteriorates upon taking damage. [potion of cure mutation]
 69608 | Lair:3   | Lost mutation: You are robust (+10% HP). [potion of cure mutation]
 69608 | Lair:3   | Lost mutation: Potions and wands are less effective at restoring your health. [potion of cure mutation]
 70150 | Zot:1    | Entered Level 1 of the Realm of Zot
 70233 | Zot:1    | Noticed Tiamat
 70346 | Depths:5 | Killed Tiamat
 70709 | Zot:1    | Reached skill level 10 in Air Magic
 70832 | Zot:3    | Identified a +4 rod of shadows (14/14)
 70913 | Zot:3    | Reached skill level 10 in Earth Magic
 71111 | Zot:3    | Reached skill level 10 in Spellcasting
 71435 | Zot:4    | Reached XP level 27. HP: 276/276 MP: 37/37
 72120 | Zot:5    | Entered Level 5 of the Realm of Zot
 72728 | Zot:5    | Identified a +4 rod of destruction (2/10) (You took it off a mottled draconian on level 5 of the Realm of Zot)
 72729 | Zot:5    | Reached ****** piety under Ashenzari
 73214 | Zot:5    | Fuck
 73302 | Zot:5    | Noticed an orb of fire
 73308 | Zot:5    | Gained mutation: You expend magic power (3 MP) to strengthen your wands. [an orb of fire]
 73313 | Zot:5    | Gained mutation: You are dopey. (Int -2) [an orb of fire]
 73316 | Zot:5    | Gained mutation: You are frail (-10% HP). [an orb of fire]
 73317 | Zot:5    | Gained mutation: Your magical capacity is low (-10% MP). [an orb of fire]
 73320 | Zot:5    | Killed an orb of fire
 73323 | Zot:5    | Noticed an orb of fire
 73326 | Zot:5    | Reached skill level 10 in Throwing
 73326 | Zot:5    | Gained mutation: You are very frail (-20% HP). [an orb of fire]
 73341 | Zot:5    | Killed an orb of fire
 73355 | Zot:5    | Noticed an ancient lich
 73363 | Zot:5    | Killed an ancient lich
 73654 | Zot:5    | Noticed an orb of fire
 73663 | Zot:5    | Noticed an ancient lich
 73667 | Zot:5    | Killed an orb of fire
 74024 | Zot:5    | Noticed an orb of fire
 74025 | Zot:5    | Gained mutation: Armour fits poorly on your strangely shaped body. [an orb of fire]
 74027 | Zot:5    | Gained mutation: You are very dopey. (Int -4) [an orb of fire]
 74029 | Zot:5    | Killed an orb of fire
 74732 | Zot:5    | Noticed an orb of fire
 74733 | Zot:5    | Gained mutation: Scrolls take you a little longer to read. [an orb of fire]
 74746 | Zot:5    | Lost mutation: You are very frail (-20% HP). [potion of cure mutation]
 74746 | Zot:5    | Lost mutation: Your magical capacity is low (-10% MP). [potion of cure mutation]
 74746 | Zot:5    | Lost mutation: You expend magic power (3 MP) to strengthen your wands. [potion of cure mutation]
 74746 | Zot:5    | Lost mutation: You are very dopey. (Int -4) [potion of cure mutation]
 74746 | Zot:5    | Lost mutation: You are dopey. (Int -2) [potion of cure mutation]
 74746 | Zot:5    | Lost mutation: Armour fits poorly on your strangely shaped body. [potion of cure mutation]
 74749 | Zot:5    | Lost mutation: You are frail (-10% HP). [potion of cure mutation]
 74749 | Zot:5    | Lost mutation: Scrolls take you a little longer to read. [potion of cure mutation]
 74829 | Zot:5    | Noticed an ancient lich
 74843 | Zot:5    | Killed an ancient lich
 75158 | Zot:5    | Killed an ancient lich
 75158 | Zot:5    | Reached skill level 15 in Throwing
 75316 | Zot:5    | Got the Orb of Zot
 75582 | Depths:5 | Noticed Isol the pandemonium lord
 75634 | Depths:4 | Noticed Zoigg the pandemonium lord
 76197 | D:$      | Escaped with the Orb!

Action                   |  1- 3 |  4- 6 |  7- 9 | 10-12 | 13-15 | 16-18 | 19-21 | 22-24 | 25-27 || total
-------------------------+-------+-------+-------+-------+-------+-------+-------+-------+-------++-------
Melee: Unarmed           |    33 |       |       |       |       |       |       |       |       ||    33
       Club              |    82 |    34 |       |       |       |       |       |       |       ||   116
       Morningstar       |       |    76 |   265 |   213 |   834 |  1903 |  2279 |  2377 |  2454 || 10401
       Whip              |       |    54 |       |       |       |       |       |       |       ||    54
       Flail             |       |    42 |   220 |   150 |       |       |       |       |       ||   412
       Mace              |       |       |       |   530 |    19 |       |       |       |       ||   549
Throw: Stone             |    16 |       |     3 |     3 |       |       |       |       |       ||    22
       Large rock        |     2 |    14 |    13 |     5 |     1 |       |     2 |    42 |   133 ||   212
       Throwing net      |     1 |     3 |     1 |       |       |       |       |       |     5 ||    10
       Tomahawk          |       |       |    18 |    12 |     2 |       |       |       |       ||    32
       Javelin           |       |       |       |    14 |    12 |       |       |       |       ||    26
 Cast: Corona            |     7 |     8 |       |       |       |       |       |       |       ||    15
       Slow              |     1 |     3 |       |       |       |       |       |       |       ||     4
       Song of Slaying   |       |       |       |       |       |       |    34 |     1 |       ||    35
       Mephitic Cloud    |       |       |       |       |       |       |    18 |    21 |    10 ||    49
       Blink             |       |       |       |       |       |       |       |     1 |     1 ||     2
       Deflect Missiles  |       |       |       |       |       |       |       |       |    12 ||    12
       Apportation       |       |       |       |       |       |       |       |       |     2 ||     2
       Statue Form       |       |       |       |       |       |       |       |       |     3 ||     3
Invok: Divine Shield     |       |       |       |     1 |     8 |       |       |       |       ||     9
       Scrying           |       |       |       |       |       |       |       |       |     3 ||     3
Evoke: Wand              |       |       |       |    15 |    13 |    17 |    10 |    28 |    37 ||   120
       Fan of gales      |       |       |       |       |     1 |       |     1 |     1 |     4 ||     7
       Stone of tremors  |       |       |       |       |       |       |       |     1 |     1 ||     2
       Phantom mirror    |       |       |       |       |       |       |       |       |     2 ||     2
  Use: Scroll            |       |     5 |    11 |    14 |    15 |    20 |    14 |    17 |    14 ||   110
       Potion            |       |       |     1 |     6 |     4 |     5 |     8 |     6 |    14 ||    44
 Stab: Sleeping          |       |     2 |       |       |       |       |       |       |     1 ||     3
       Held in net/web   |       |     1 |       |       |       |       |       |       |     3 ||     4
       Paralysed         |       |       |       |       |       |     7 |       |     2 |     6 ||    15
       Distracted        |       |       |       |       |       |     1 |       |       |     2 ||     3
       Confused          |       |       |       |       |       |       |     6 |     7 |     4 ||    17
       Invisible         |       |       |       |       |       |       |       |       |     6 ||     6
  Eat: Chunk             |     3 |     4 |     7 |    19 |    27 |    18 |    24 |    17 |    19 ||   138
       Fruit             |     1 |       |     4 |     5 |     2 |     5 |       |     1 |     7 ||    25
       Bread ration      |       |     1 |     1 |     1 |       |     3 |     2 |     5 |    12 ||    25
       Beef jerky        |       |     1 |     1 |     2 |     2 |     2 |     1 |       |       ||     9
       Royal jelly       |       |       |       |     1 |     1 |       |       |     2 |     2 ||     6
       Meat ration       |       |       |       |     1 |       |     1 |     1 |       |       ||     3
